 Dungeon Crawl Stone Soup version 0.25.0-11-g1f837a76a1 (webtiles) character file.

Game seed: 2238499942150289143

4264 Flugkiller the Nimble (level 10, -11/64 HPs)
             Began as a Tengu Assassin on June 25, 2020.
             Was a Believer of Qazlal.
             Mangled by a two-headed ogre
             ... wielding a +0 giant spiked club
             ... summoned by an orange crystal statue
              (15 damage)
             ... on level 9 of the Dungeon.
             The game lasted 00:11:21 (8311 turns).

Flugkiller the Nimble (Tengu Assassin)              Turns: 8311, Time: 00:11:21

Health: -11/64     AC: 10    Str: 12      XL:     10   Next: 31%
Magic:  0/13       EV: 24    Int:  5 (11) God:    Qazlal [**....]
Gold:   589        SH:  3    Dex: 19      Spells: 9/9 levels left

rFire    . . .     SeeInvis +   e - +2 dire flail (protect)
rCold    . . .     Gourm    .   (shield currently unavailable)
rNeg     . . .     Faith    .   v - +2 robe {MR+}
rPois    .         Spirit   .   p - +2 hat
rElec    .         Reflect  .   l - +2 cloak
rCorr    .         Harm     .   C - +0 pair of gloves
MR       +....                  (boots unavailable)
Stlth    +++.......             m - amulet of regeneration
HPRegen  0.60/turn              o - ring of see invisible
MPRegen  0.13/turn              q - ring of stealth

@: flying quickly and evasively, quick
A: beak, talons 3, sense surroundings 1, screaming 1, able to fly
a: Stop Flying, Upheaval, Renounce Religion


You were on level 9 of the Dungeon.
You worshipped Qazlal.
Qazlal was pleased with you.
You were not hungry.

You visited 1 branch of the dungeon, and saw 9 of its levels.

You collected 589 gold pieces.

Inventory:

Hand Weapons
 c - a +3 flail
   (You found it on level 9 of the Dungeon)
 e - a +2 dire flail of protection (weapon)
   (You took it off Edmund on level 4 of the Dungeon)
 u - a +3 rapier
   (You took it off Duvessa on level 5 of the Dungeon)
Missiles
 d - 53 poisoned darts
 s - a curare-tipped dart (quivered)
Armour
 l - a +2 cloak (worn)
   (You found it on level 5 of the Dungeon)
 p - a +2 hat (worn)
   (You found it on level 2 of the Dungeon)
 v - a +2 robe of magic resistance (worn)
   (You took it off Blork the orc on level 6 of the Dungeon)
 C - a +0 pair of gloves (worn)
   (You found it on level 9 of the Dungeon)
Jewellery
 j - an uncursed ring of fire
   (You found it on level 4 of the Dungeon)
 m - an amulet of regeneration (around neck)
   (You found it on level 2 of the Dungeon)
 o - a ring of see invisible (left hand)
   (You found it on level 2 of the Dungeon)
 q - a ring of stealth (right hand)
   (You found it on level 4 of the Dungeon)
Wands
 y - a wand of paralysis (10)
   (You found it on level 7 of the Dungeon)
Scrolls
 a - a scroll of magic mapping
 b - a scroll of teleportation
 r - 2 scrolls of remove curse
 w - 2 scrolls of enchant weapon
 x - 2 scrolls of immolation
 A - a scroll of identify
Potions
 g - a potion of might
 h - a potion of invisibility
 i - 2 potions of resistance
 n - a potion of stabbing
 t - 3 potions of haste
Comestibles
 f - 7 rations


   Skills:
 + Level 7.7 Fighting
 - Level 2.1 Short Blades
 + Level 9.4 Maces & Flails
 - Level 2.0 Throwing
 + Level 9.4 Dodging
 - Level 4.0 Stealth
 - Level 3.0 Invocations


You had 9 spell levels left.
You didn't know any spells.
Your spell library contained the following spells:

 Spells                   Type           Power        Failure   Level  Hunger
 Magic Dart               Conj           #...         47%         1    ##.....
 Sandblast                Erth           #.....       47%         1    ##.....
 Shock                    Conj/Air       #...         47%         1    ##.....
 Ensorcelled Hibernation  Hex/Ice        #.....       63%         2    ###....
 Passwall                 Tmut/Erth      #.......     63%         2    ###....
 Slow                     Hex            #.......     63%         2    ###....
 Swiftness                Chrm/Air       #.......     63%         2    ###....
 Spectral Weapon          Hex/Chrm       #.......     85%         3    ####...
 Static Discharge         Conj/Air       #.......     85%         3    ####...
 Stone Arrow              Conj/Erth      #.....       85%         3    ####...
 Airstrike                Air            #.........   99%         4    #####..
 Cause Fear               Hex            #.........   99%         4    #####..
 Petrify                  Tmut/Erth      #.......     99%         4    #####..
 Lee's Rapid Deconstruct  Erth           #.........   100%        5    ######.
 Lightning Bolt           Conj/Air       #.........   100%        5    ######.
 Orb of Destruction       Conj           #.........   100%        7    #######


Dungeon Overview and Level Annotations

Branches:
Dungeon (9/15)             Temple (0/1) D:4             Orc (0/2) D:9
   Lair: D:8-11

Altars:
Ashenzari
Gozag
Hepliaklqana
Okawaru
Qazlal
Trog
Vehumet
Zin
The Shining One

Shops:
D:9 *

Annotations:
D:5 Sigmund
D:6 Maggie
D:9 1 runed translucent door, exclusion: 4 orange crystal statues


Innate Abilities, Weirdness & Mutations

You have a beak for a mouth.
You have claws for feet.
You can fly continuously.
You passively map a small area around you.
You occasionally shout uncontrollably at your foes.


Message History

The black bear claws you but does no damage.
The black bear closely misses you. The two-headed ogre barely misses you.
The two-headed ogre completely misses you.
The orc wizard misses you.
The crimson imp blinks!
The orc warrior closely misses you.
The orange crystal statue fixes its piercing gaze on you.
Something tries to feed on your intellect!
Unknown command.
As you read the scroll of teleportation, it crumbles to dust.
You feel strangely unstable.
You block the killer bee zombie's attack.
The black bear bites you but does no damage.
The black bear closely misses you. x2; The orc wizard closely misses you.
The killer bee zombie closely misses you.
The two-headed ogre completely misses you. x2
The orc priest looks braver for a moment.
The orange crystal statue fixes its piercing gaze on you.
You feel dopey. Something feeds on your intellect!
The orange crystal statue fixes its piercing gaze on you.
You feel your power leaking away.
The orange crystal statue fixes its piercing gaze on you.
You fade into invisibility!
The killer bee zombie hits you!
* * * LOW HITPOINT WARNING * * *
The black bear closely misses you. The black bear completely misses you.
The black bear misses you. The killer bee zombie misses you.
The two-headed ogre hits you with a +0 giant spiked club!!
* * * LOW HITPOINT WARNING * * *
The two-headed ogre completely misses you.
The orange crystal statue fixes its piercing gaze on you. x2
You are very lightly contaminated with residual magic.
It was a potion of flight.
You feel more buoyant.
The killer bee zombie completely misses you.
You block the black bear's attack. The black bear misses you.
The black bear completely misses you. The orc wizard misses you.
The killer bee zombie completely misses you.
The orange crystal statue fixes its piercing gaze on you.
The orange crystal statue glitters.
Unknown command.
It was a potion of cancellation.
You feel strangely stable.
Your magical effects are unravelling.
You feel magically purged.
Your magical contamination has completely faded away.
You flicker back into view.
The killer bee zombie completely misses you.
The two-headed ogre hits you with a +0 giant spiked club!
You die...

.####......................#
.# #......####+####.......#
.# #####..#8.....8#.......#
.# #..#.#...#z#.......# .#
#..#.....z.#.......# .#
##.#...[5z.#.####### .#
#.#..5oWo.#.# .#
#.#.#oOo#o#.####
.#########.#8.oh@o8#....#
...........####Z####....#
........................#
.#'###....####..........#
.#...#....#....<........#
.#...#....#.............#
.#...#....#.............#
.#...#....#.............#
.#...#....#...........###


You could see 4 orange crystal statues, a two-headed ogre (summoned), a hungry
ghost (summoned), an orc warrior (summoned), a black bear (summoned), 3 wights,
an orc priest (summoned), an orc wizard (summoned), a crimson imp (summoned), a
shadow imp (summoned), 4 orcs and a killer bee zombie (summoned).

Vanquished Creatures
  Psyche (D:8)
  Joseph (D:9)
  Prince Ribbit (D:7)
  Grinder (D:3)
  2 hippogriffs (D:7)
  A steam dragon (D:8)
  Edmund (D:4)
  A hornet zombie (D:8)
  Duvessa (D:5)
  An orc warrior (D:8)
  2 black bears (D:8)
  2 phantoms
  A sky beast (D:7)
  2 ice beasts
  An ogre (D:8)
  A centaur (D:8)
  Blork the orc (D:6)
  Dowan (D:5)
  2 scorpions (D:8)
  10 killer bees
  3 crimson imps
  A quasit (D:9)
  A centaur zombie (D:6)
  2 hounds (D:5)
  3 orc priests
  2 bullfrog skeletons
  6 orc wizards
  An iguana (D:9)
  3 worker ants
  A hound zombie (D:7)
  A hound skeleton (D:6)
  A howler monkey zombie (D:7)
  3 worker ant zombies
  3 gnolls
  5 adders
  An ooze (D:3)
  3 adder skeletons
  An adder zombie (D:9)
  3 worms
  A leopard gecko (D:3)
  15 orcs
  2 ball pythons
  4 bats
  8 giant cockroaches
  7 hobgoblins
  14 jackals
  5 quokkas
  4 frilled lizards
  7 goblins
  3 hobgoblin zombies (D:4)
  A jackal skeleton (D:8)
  5 kobolds
  A kobold skeleton (D:4)
  2 kobold zombies (D:4)
  A leopard gecko zombie (D:8)
  An orc skeleton (D:4)
  An orc zombie (D:4)
  8 rats
168 creatures vanquished.

Notes
Turn   | Place    | Note
-------+----------+-------------------------------------------
     0 | D:1      | Flugkiller the Tengu Assassin began the quest for the Orb.
     0 | D:1      | Reached XP level 1. HP: 12/12 MP: 2/2
    74 | D:1      | Reached XP level 2. HP: 13/18 MP: 3/3
   753 | D:1      | Reached XP level 3. HP: 22/22 MP: 4/4
  1816 | D:2      | Reached XP level 4. HP: 7/28 MP: 5/5
  2644 | D:2      | Found a hazy altar of Hepliaklqana.
  3144 | D:3      | Found an opulent altar of Gozag.
  3214 | D:3      | Gained mutation: You can fly continuously. [Tengu growth]
  3214 | D:3      | Reached XP level 5. HP: 33/33 MP: 6/6
  3304 | D:3      | Noticed Grinder
  3322 | D:3      | Gained mutation: You occasionally shout uncontrollably at
                  | your foes. [potion of mutation]
  3322 | D:3      | Gained mutation: You passively map a small area around you.
                  | [potion of mutation]
  3333 | D:3      | Paralysed by Grinder for 7 turns
  3358 | D:3      | Killed Grinder
  3358 | D:3      | Reached XP level 6. HP: 40/40 MP: 7/7
  3574 | D:3      | Found a stormy altar of Qazlal.
  3966 | D:3      | Became a worshipper of Qazlal Stormbringer
  4043 | D:4      | Found a stormy altar of Qazlal.
  4045 | D:4      | Found a shattered altar of Ashenzari.
  4049 | D:4      | Noticed a phantom
  4049 | D:4      | You are sucked into a shaft and drop 3 floors!
  4081 | D:5      | Entered Level 5 of the Dungeon
  4085 | D:5      | Reached skill level 5 in Dodging
  4120 | D:5      | Reached skill level 5 in Fighting
  4124 | D:5      | Found a glowing silver altar of Zin.
  4132 | D:5      | Noticed Sigmund
  4151 | D:5      | Noticed an ice beast
  4233 | D:4      | Found a glowing golden altar of the Shining One.
  4374 | D:4      | Reached skill level 1 in Invocations
  4434 | D:4      | Found a staircase to the Ecumenical Temple.
  4710 | D:4      | Noticed Edmund
  4819 | D:4      | Killed Edmund
  4819 | D:4      | Reached XP level 7. HP: 30/44 MP: 7/9
  5415 | D:6      | Noticed Duvessa
  5419 | D:6      | Noticed Dowan
  5431 | D:5      | Killed Duvessa
  5431 | D:5      | Reached XP level 8. HP: 28/51 MP: 9/11
  5442 | D:5      | Killed Dowan
  5503 | D:6      | Noticed Blork the orc
  5533 | D:6      | Reached skill level 1 in Maces & Flails
  5541 | D:6      | Killed Blork the orc
  5635 | D:6      | Identified Qerossue's Compendium of Execration and Combat
                  | Magic
  5874 | D:6      | Found a radiant altar of Vehumet.
  5874 | D:6      | Noticed Maggie
  5902 | D:6      | Reached * piety under Qazlal
  6340 | D:7      | Noticed Prince Ribbit
  6362 | D:7      | Killed Prince Ribbit
  6362 | D:7      | Reached skill level 5 in Maces & Flails
  6362 | D:7      | Reached XP level 9. HP: 33/55 MP: 12/12
  6674 | D:7      | Found a shattered altar of Ashenzari.
  6829 | D:8      | Reached ** piety under Qazlal
  6892 | D:8      | Found a bloodstained altar of Trog.
  7100 | D:8      | Reached XP level 10. HP: 50/63 MP: 13/13
  7142 | D:8      | Noticed Psyche
  7151 | D:8      | Killed Psyche
  7196 | D:8      | Found an iron altar of Okawaru.
  7508 | D:9      | Found a runed translucent door.
  7508 | D:9      | Found the +10 tower shield of Ignorance {rN+ Int-4}
  7539 | D:9      | Noticed an orange crystal statue
  7539 | D:9      | Noticed an orange crystal statue
  7539 | D:9      | Noticed an orange crystal statue
  7539 | D:9      | Noticed an orange crystal statue
  7591 | D:9      | Found Xygus's General Store.
  7728 | D:9      | Noticed Joseph
  7743 | D:9      | Killed Joseph
  7872 | D:9      | Found a staircase to the Orcish Mines.
  7972 | D:9      | Found a runed translucent door.
  8297 | D:9      | Noticed a two-headed ogre
  8309 | D:9      | HP: 2/64 [two-headed ogre/+0 giant spiked club[an orange
                  | crystal statue] (25)]
  8311 | D:9      | Mangled by a two-headed ogre

Illustrated notes

Levels and vault maps discovered:
D:1:      roderic_chinese_lattice_arrival, layout_basic
D:2:      layout_loops_ring, lemuel_crystal_altar
D:3:      layout_basic, nicolae_gozag_cash_rules_everything_around_me,
          first_ration, grunt_ministairs_4, nicolae_qazlal_general_emergency,
          uniq_grinder
D:4:      layout_cave_pods, grunt_temple_overflow_open,
          minmay_temple_entry_from_below_a, nicolae_tso_besieged_by_evil,
          uniq_edmund
D:5:      layout_basic, zin_statuary, uniq_sigmund, uniq_pikel
D:6:      layout_basic, lemuel_round_altar, uniq_blork_the_orc, uniq_duvessa,
          uniq_maggie
D:7:      layout_cave_pools, ashenzari_altar_1, uniq_prince_ribbit1
D:8:      layout_loops_ring, kennysheep_mini, trog_ov_bears_minmay, uniq_psyche
D:9:      layout_irregular_city, orc_0_dummy, serial_shops, shop_fountains,
          chequers_guarded_unrand_ignorance, uniq_joseph

Skill      XL: |  1  2  3  4  5  6  7  8  9 10 |
---------------+-------------------------------+-----
Dodging        | 2 3 4 5 6 8 9 |  9.4
Fighting       | 3 4 5 6 7 |  7.7
Invocations    | 1 2 3 |  3.0
Maces & Flails | 5 8 9 |  9.4
Short Blades   | |  2.1
Throwing       | |  2.0
Stealth        | |  4.0

Action                   |  1- 3 |  4- 6 |  7- 9 | 10-12 || total
-------------------------+-------+-------+-------+-------++-------
Melee: Dagger            |    84 |   172 |       |       ||   256
       Kick              |    19 |    40 |    84 |    26 ||   169
       Peck              |     7 |    30 |    56 |    14 ||   107
       Unarmed           |       |     9 |       |       ||     9
       Dire flail        |       |       |   261 |    90 ||   351
Throw: Dart              |     4 |    11 |     3 |       ||    18
 Abil: Fly               |       |     1 |       |       ||     1
Evoke: Wand              |       |       |       |     2 ||     2
  Use: Scroll            |     1 |     3 |     3 |     5 ||    12
       Potion            |       |     3 |     1 |     6 ||    10
 Stab: Sleeping          |     4 |     8 |     1 |       ||    13
       Distracted        |       |       |     1 |       ||     1
       Paralysed         |       |       |       |     3 ||     3
  Eat: Ration            |     1 |     1 |       |       ||     2
       Chunk             |       |     7 |     5 |     4 ||    16
Armor: Robe              |    18 |    18 |    68 |    22 ||   126
       Skin              |       |     7 |       |       ||     7
Dodge: Dodged            |    59 |   104 |   286 |   142 ||   591
Block: Other             |       |       |     9 |    13 ||    22
